Workbook

Sheet 法非適用_水道事業
B2: 経営比較分析表（平成30年度決算）
B6: =データ!H6 -> 山形県 鮭川村
B7: 業務名 | I7: 業種名 | P7: 事業名 | W7: 類似団体区分 | AD7: 管理者の情報 | AL7: 人口（人） | AT7: 面積(km2) | BB7: 人口密度(人/km2) | BL7: グラフ凡例
B8: =データ!$I$6 -> 法非適用 | I8: =データ!$J$6 -> 水道事業 | P8: =データ!$K$6 -> 簡易水道事業 | W8: =データ!$L$6 -> D3 | AD8: =データ!$M$6 -> 非設置 | AL8: =データ!$R$6 -> 4238 | AT8: =データ!$S$6 -> 122.14 | BB8: =データ!$T$6 -> 34.7 | BL8: ■ | BN8: 当該団体値（当該値）
B9: 資金不足比率(％) | I9: 自己資本構成比率(％) | P9: 普及率(％) | W9: 1か月20ｍ3当たり家庭料金(円) | AL9: 現在給水人口(人) | AT9: 給水区域面積(km2) | BB9: 給水人口密度(人/km2) | BL9: － | BN9: 類似団体平均値（平均値）
B10: =データ!$N$6 -> - | I10: =データ!$O$6 -> 該当数値なし | P10: =データ!$P$6 -> 96.71 | W10: =データ!$Q$6 -> 4200 | AL10: =データ!$U$6 -> 4059 | AT10: =データ!$V$6 -> 36.8 | BB10: =データ!$W$6 -> 110.3 | BL10: 【】 | BN10: 平成30年度全国平均
BL11: 分析欄
B14: 1. 経営の健全性・効率性 | BL14: 1. 経営の健全性・効率性について
BL16: 経営については、水道会計の職員数を最小限抑え、検針徴収事務については業務の一部を外部に委託し経費を抑制している。 年々人口減少や節水器具の普及などにより料金収入が減少傾向にある。令和2年度から料金を改定し、水道会計の安定運営を図っていく。また、収納率の向上に向けて取り組んでいく。 計画的に老朽管の更新事業を行い、有収率の向上を図り、経費の節減に取り組んでいく。 ①については、平成26年度から実施した補助事業の元金償還が始まり比率が低下している。また、償還金については、一般会計より基準内の繰入を実施している。 ④については、平均を若干上回っているが、水道会計の規模自体が小さいため、今後も料金改定を検討しながら安定経営を目指していく。 ⑤については、平均以上であるが、今後も公平性の観点から、収納対策に取り組んでいく。 ⑥については、経費を抑えているため、変動が少なく推移している。 ⑦については、漏水を抑制したことにより若干低下したと考えられる。 ⑧については、平成29年度は冬期間の気温の低下による漏水が頻発したため低下ししたが、漏水対策を強化したことにより改善している。
BL45: 2. 老朽化の状況について
BL47: 鮭川村水道管布設当初の管路・施設が老朽化を向かえ、平成26年度から平成28年度に更新事業を実施した。特に石綿管については、この事業により耐震管への更新が進み、より漏水の少ない安定した供給ができるようになっている。また、ポンプ等の施設についても更新を行い、安全な水道水の供給を図ることができる。石綿管以外の老朽管については、今後の水道会計の償還金等の推移を考慮しながら、更新計画を立てていく。
B60: 2. 老朽化の状況
BL64: 全体総括
BL66: 今後も計画的に施設の更新を行いながら、経常経費の削減に取り組んでいく。 また、収納対策、料金改定の検討、漏水の早期発見・解消等で安定して継続可能な経営を目指して事業に取り組んでいく。
B84: 全国平均 | E84: 1① | F84: 1② | G84: 1③ | H84: 1④ | I84: 1⑤ | J84: 1⑥ | K84: 1⑦ | L84: 1⑧ | M84: 2① | N84: 2② | O84: 2③
E85: =データ!AH6 -> 【75.60】 | F85: - | G85: - | H85: =データ!BO6 -> 【1,074.14】 | I85: =データ!BZ6 -> 【54.36】 | J85: =データ!CK6 -> 【296.40】 | K85: =データ!CV6 -> 【55.95】 | L85: =データ!DG6 -> 【73.77】 | M85: - | N85: - | O85: =データ!EN6 -> 【0.54】

Sheet データ
A1: 水道事業(法非適用) | X1: 1 | Y1: 1 | Z1: 1 | AA1: 1 | AB1: 1 | AC1: 1 | AD1: 1 | AE1: 1 | AF1: 1 | AG1: 1 | AI1: 1 | AJ1: 1 | AK1: 1 | AL1: 1 | AM1: 1 | AN1: 1 | AO1: 1 | AP1: 1 | AQ1: 1 | AR1: 1 | AT1: 1 | AU1: 1 | AV1: 1 | AW1: 1 | AX1: 1 | AY1: 1 | AZ1: 1 | BA1: 1 | BB1: 1 | BC1: 1 | BE1: 1 | BF1: 1 | BG1: 1 | BH1: 1 | BI1: 1 | BJ1: 1 | BK1: 1 | BL1: 1 | BM1: 1 | BN1: 1 | BP1: 1 | BQ1: 1 | BR1: 1 | BS1: 1 | BT1: 1 | BU1: 1 | BV1: 1 | BW1: 1 | BX1: 1 | BY1: 1 | CA1: 1 | CB1: 1 | CC1: 1 | CD1: 1 | CE1: 1 | CF1: 1 | CG1: 1 | CH1: 1 | CI1: 1 | CJ1: 1 | CL1: 1 | CM1: 1 | CN1: 1 | CO1: 1 | CP1: 1 | CQ1: 1 | CR1: 1 | CS1: 1 | CT1: 1 | CU1: 1 | CW1: 1 | CX1: 1 | CY1: 1 | CZ1: 1 | DA1: 1 | DB1: 1 | DC1: 1 | DD1: 1 | DE1: 1 | DF1: 1 | DH1: 1 | DI1: 1 | DJ1: 1 | DK1: 1 | DL1: 1 | DM1: 1 | DN1: 1 | DO1: 1 | DP1: 1 | DQ1: 1 | DS1: 1 | DT1: 1 | DU1: 1 | DV1: 1 | DW1: 1 | DX1: 1 | DY1: 1 | DZ1: 1 | EA1: 1 | EB1: 1 | ED1: 1 | EE1: 1 | EF1: 1 | EG1: 1 | EH1: 1 | EI1: 1 | EJ1: 1 | EK1: 1 | EL1: 1 | EM1: 1
A2: 項番 | B2: =COLUMN()-1 -> 1 | C2: =COLUMN()-1 -> 2 | D2: =COLUMN()-1 -> 3 | E2: =COLUMN()-1 -> 4 | F2: =COLUMN()-1 -> 5 | G2: =COLUMN()-1 -> 6 | H2: =COLUMN()-1 -> 7 | I2: =COLUMN()-1 -> 8 | ... EN2: =COLUMN()-1 -> 143
A3: 大項目 | B3: 年度 | C3: 団体CD | D3: 業務CD | E3: 業種CD | F3: 事業CD | G3: 施設CD | H3: 基本情報 | X3: 1. 経営の健全性・効率性 | DH3: 2. 老朽化の状況
A4: 中項目 | X4: ①収益的収支比率(％) | AI4: ②累積欠損金比率(％) | AT4: ③流動比率(％) | BE4: ④企業債残高対給水収益比率(％) | BP4: ⑤料金回収率(％) | CA4: ⑥給水原価(円) | CL4: ⑦施設利用率(％) | CW4: ⑧有収率(％) | DH4: ①有形固定資産減価償却率(％) | DS4: ②管路経年化率(％) | ED4: ③管路更新率(％)
A5: 小項目 | H5: 都道府県名 | I5: 法適・法非適 | J5: 業種名称 | K5: 事業名称 | L5: 類似団体 | M5: 管理者の情報 | N5: 資金不足比率 | O5: 自己資本構成比率 | P5: 普及率 | Q5: 1ヶ月20㎥当たり家庭料金 | R5: 人口 | S5: 面積 | T5: 人口密度 | U5: 給水人口 | V5: 給水区域面積 | W5: 給水人口密度 | X5: 比率(N-4) | Y5: 比率(N-3) | Z5: 比率(N-2) | AA5: 比率(N-1) | AB5: 比率(N) | AC5: 類似団体平均(N-4) | AD5: 類似団体平均(N-3) | AE5: 類似団体平均(N-2) | AF5: 類似団体平均(N-1) | AG5: 類似団体平均(N) | AH5: 全国平均 | AI5: 比率(N-4) | AJ5: 比率(N-3) | AK5: 比率(N-2) | AL5: 比率(N-1) | AM5: 比率(N) | AN5: 類似団体平均(N-4) | AO5: 類似団体平均(N-3) | AP5: 類似団体平均(N-2) | AQ5: 類似団体平均(N-1) | AR5: 類似団体平均(N) | AS5: 全国平均 | AT5: 比率(N-4) | AU5: 比率(N-3) | AV5: 比率(N-2) | AW5: 比率(N-1) | AX5: 比率(N) | AY5: 類似団体平均(N-4) | AZ5: 類似団体平均(N-3) | BA5: 類似団体平均(N-2) | BB5: 類似団体平均(N-1) | BC5: 類似団体平均(N) | BD5: 全国平均 | BE5: 比率(N-4) | BF5: 比率(N-3) | BG5: 比率(N-2) | BH5: 比率(N-1) | BI5: 比率(N) | BJ5: 類似団体平均(N-4) | BK5: 類似団体平均(N-3) | BL5: 類似団体平均(N-2) | BM5: 類似団体平均(N-1) | BN5: 類似団体平均(N) | BO5: 全国平均 | BP5: 比率(N-4) | BQ5: 比率(N-3) | BR5: 比率(N-2) | BS5: 比率(N-1) | BT5: 比率(N) | BU5: 類似団体平均(N-4) | BV5: 類似団体平均(N-3) | BW5: 類似団体平均(N-2) | BX5: 類似団体平均(N-1) | BY5: 類似団体平均(N) | BZ5: 全国平均 | CA5: 比率(N-4) | CB5: 比率(N-3) | CC5: 比率(N-2) | CD5: 比率(N-1) | CE5: 比率(N) | CF5: 類似団体平均(N-4) | CG5: 類似団体平均(N-3) | CH5: 類似団体平均(N-2) | CI5: 類似団体平均(N-1) | CJ5: 類似団体平均(N) | CK5: 全国平均 | CL5: 比率(N-4) | CM5: 比率(N-3) | CN5: 比率(N-2) | CO5: 比率(N-1) | CP5: 比率(N) | CQ5: 類似団体平均(N-4) | CR5: 類似団体平均(N-3) | CS5: 類似団体平均(N-2) | CT5: 類似団体平均(N-1) | CU5: 類似団体平均(N) | CV5: 全国平均 | CW5: 比率(N-4) | CX5: 比率(N-3) | CY5: 比率(N-2) | CZ5: 比率(N-1) | DA5: 比率(N) | DB5: 類似団体平均(N-4) | DC5: 類似団体平均(N-3) | DD5: 類似団体平均(N-2) | DE5: 類似団体平均(N-1) | DF5: 類似団体平均(N) | DG5: 全国平均 | DH5: 比率(N-4) | DI5: 比率(N-3) | DJ5: 比率(N-2) | DK5: 比率(N-1) | DL5: 比率(N) | DM5: 類似団体平均(N-4) | DN5: 類似団体平均(N-3) | DO5: 類似団体平均(N-2) | DP5: 類似団体平均(N-1) | DQ5: 類似団体平均(N) | DR5: 全国平均 | DS5: 比率(N-4) | DT5: 比率(N-3) | DU5: 比率(N-2) | DV5: 比率(N-1) | DW5: 比率(N) | DX5: 類似団体平均(N-4) | DY5: 類似団体平均(N-3) | DZ5: 類似団体平均(N-2) | EA5: 類似団体平均(N-1) | EB5: 類似団体平均(N) | EC5: 全国平均 | ED5: 比率(N-4) | EE5: 比率(N-3) | EF5: 比率(N-2) | EG5: 比率(N-1) | EH5: 比率(N) | EI5: 類似団体平均(N-4) | EJ5: 類似団体平均(N-3) | EK5: 類似団体平均(N-2) | EL5: 類似団体平均(N-1) | EM5: 類似団体平均(N) | EN5: 全国平均
A6: 参照用 | B6: =B7 -> 2018 | C6: =C7 -> 63665 | D6: =D7 -> 47 | E6: =E7 -> 1 | F6: =F7 -> 0 | G6: =G7 -> 0 | H6: =H7 -> 山形県 鮭川村 | I6: =I7 -> 法非適用 | ... W6: =W7 -> 110.3 | X6: =IF(X7="",NA(),X7) -> 67.02 | Y6: =IF(Y7="",NA(),Y7) -> 71.52 | Z6: =IF(Z7="",NA(),Z7) -> 90.4 | AA6: =IF(AA7="",NA(),AA7) -> 88.87 | AB6: =IF(AB7="",NA(),AB7) -> 78.82 | AC6: =IF(AC7="",NA(),AC7) -> 75.87 | AD6: =IF(AD7="",NA(),AD7) -> 76.27 | AE6: =IF(AE7="",NA(),AE7) -> 77.56 | ... AG6: =IF(AG7="",NA(),AG7) -> 77.91 | AH6: =IF(AH7="","",IF(AH7="-","【-】","【"&SUBSTITUTE(TEXT(AH7,"#,##0.00"),"-","△")&"】")) -> 【75.60】 | AI6: =IF(AI7="",NA(),AI7) -> #N/A | AJ6: =IF(AJ7="",NA(),AJ7) -> #N/A | AK6: =IF(AK7="",NA(),AK7) -> #N/A | AL6: =IF(AL7="",NA(),AL7) -> #N/A | AM6: =IF(AM7="",NA(),AM7) -> #N/A | AN6: =IF(AN7="",NA(),AN7) -> #N/A | AO6: =IF(AO7="",NA(),AO7) -> #N/A | AP6: =IF(AP7="",NA(),AP7) -> #N/A | ... AR6: =IF(AR7="",NA(),AR7) -> #N/A | AS6: =IF(AS7="","",IF(AS7="-","【-】","【"&SUBSTITUTE(TEXT(AS7,"#,##0.00"),"-","△")&"】")) | AT6: =IF(AT7="",NA(),AT7) -> #N/A | AU6: =IF(AU7="",NA(),AU7) -> #N/A | AV6: =IF(AV7="",NA(),AV7) -> #N/A | AW6: =IF(AW7="",NA(),AW7) -> #N/A | AX6: =IF(AX7="",NA(),AX7) -> #N/A | AY6: =IF(AY7="",NA(),AY7) -> #N/A | AZ6: =IF(AZ7="",NA(),AZ7) -> #N/A | BA6: =IF(BA7="",NA(),BA7) -> #N/A | ... BC6: =IF(BC7="",NA(),BC7) -> #N/A | BD6: =IF(BD7="","",IF(BD7="-","【-】","【"&SUBSTITUTE(TEXT(BD7,"#,##0.00"),"-","△")&"】")) | BE6: =IF(BE7="",NA(),BE7) -> 814.57 | BF6: =IF(BF7="",NA(),BF7) -> 896.63 | BG6: =IF(BG7="",NA(),BG7) -> 1118.05 | BH6: =IF(BH7="",NA(),BH7) -> 1111.59 | BI6: =IF(BI7="",NA(),BI7) -> 1033.78 | BJ6: =IF(BJ7="",NA(),BJ7) -> 1125.69 | BK6: =IF(BK7="",NA(),BK7) -> 1134.67 | BL6: =IF(BL7="",NA(),BL7) -> 1144.79 | ... BN6: =IF(BN7="",NA(),BN7) -> 1007.7 | BO6: =IF(BO7="","",IF(BO7="-","【-】","【"&SUBSTITUTE(TEXT(BO7,"#,##0.00"),"-","△")&"】")) -> 【1,074.14】 | BP6: =IF(BP7="",NA(),BP7) -> 58.4 | BQ6: =IF(BQ7="",NA(),BQ7) -> 64.48 | BR6: =IF(BR7="",NA(),BR7) -> 83.68 | BS6: =IF(BS7="",NA(),BS7) -> 81.74 | BT6: =IF(BT7="",NA(),BT7) -> 72.97 | BU6: =IF(BU7="",NA(),BU7) -> 46.48 | BV6: =IF(BV7="",NA(),BV7) -> 40.6 | BW6: =IF(BW7="",NA(),BW7) -> 56.04 | ... BY6: =IF(BY7="",NA(),BY7) -> 59.22 | BZ6: =IF(BZ7="","",IF(BZ7="-","【-】","【"&SUBSTITUTE(TEXT(BZ7,"#,##0.00"),"-","△")&"】")) -> 【54.36】 | CA6: =IF(CA7="",NA(),CA7) -> 388.44 | CB6: =IF(CB7="",NA(),CB7) -> 347.15 | CC6: =IF(CC7="",NA(),CC7) -> 270.02 | CD6: =IF(CD7="",NA(),CD7) -> 273.4 | CE6: =IF(CE7="",NA(),CE7) -> 298.46 | CF6: =IF(CF7="",NA(),CF7) -> 376.61 | CG6: =IF(CG7="",NA(),CG7) -> 440.03 | CH6: =IF(CH7="",NA(),CH7) -> 304.35 | ... CJ6: =IF(CJ7="",NA(),CJ7) -> 292.9 | CK6: =IF(CK7="","",IF(CK7="-","【-】","【"&SUBSTITUTE(TEXT(CK7,"#,##0.00"),"-","△")&"】")) -> 【296.40】 | CL6: =IF(CL7="",NA(),CL7) -> 51.16 | CM6: =IF(CM7="",NA(),CM7) -> 79.91 | CN6: =IF(CN7="",NA(),CN7) -> 81.51 | CO6: =IF(CO7="",NA(),CO7) -> 94.1 | CP6: =IF(CP7="",NA(),CP7) -> 75.77 | CQ6: =IF(CQ7="",NA(),CQ7) -> 57.43 | CR6: =IF(CR7="",NA(),CR7) -> 57.29 | CS6: =IF(CS7="",NA(),CS7) -> 55.9 | ... CU6: =IF(CU7="",NA(),CU7) -> 56.76 | CV6: =IF(CV7="","",IF(CV7="-","【-】","【"&SUBSTITUTE(TEXT(CV7,"#,##0.00"),"-","△")&"】")) -> 【55.95】 | CW6: =IF(CW7="",NA(),CW7) -> 80.47 | CX6: =IF(CX7="",NA(),CX7) -> 80.36 | CY6: =IF(CY7="",NA(),CY7) -> 76.89 | CZ6: =IF(CZ7="",NA(),CZ7) -> 64.89 | DA6: =IF(DA7="",NA(),DA7) -> 84.33 | DB6: =IF(DB7="",NA(),DB7) -> 73.83 | DC6: =IF(DC7="",NA(),DC7) -> 73.69 | DD6: =IF(DD7="",NA(),DD7) -> 73.28 | ... DF6: =IF(DF7="",NA(),DF7) -> 73.07 | DG6: =IF(DG7="","",IF(DG7="-","【-】","【"&SUBSTITUTE(TEXT(DG7,"#,##0.00"),"-","△")&"】")) -> 【73.77】 | DH6: =IF(DH7="",NA(),DH7) -> #N/A | DI6: =IF(DI7="",NA(),DI7) -> #N/A | DJ6: =IF(DJ7="",NA(),DJ7) -> #N/A | DK6: =IF(DK7="",NA(),DK7) -> #N/A | DL6: =IF(DL7="",NA(),DL7) -> #N/A | DM6: =IF(DM7="",NA(),DM7) -> #N/A | DN6: =IF(DN7="",NA(),DN7) -> #N/A | DO6: =IF(DO7="",NA(),DO7) -> #N/A | ... DQ6: =IF(DQ7="",NA(),DQ7) -> #N/A | DR6: =IF(DR7="","",IF(DR7="-","【-】","【"&SUBSTITUTE(TEXT(DR7,"#,##0.00"),"-","△")&"】")) | DS6: =IF(DS7="",NA(),DS7) -> #N/A | DT6: =IF(DT7="",NA(),DT7) -> #N/A | DU6: =IF(DU7="",NA(),DU7) -> #N/A | DV6: =IF(DV7="",NA(),DV7) -> #N/A | DW6: =IF(DW7="",NA(),DW7) -> #N/A | DX6: =IF(DX7="",NA(),DX7) -> #N/A | DY6: =IF(DY7="",NA(),DY7) -> #N/A | DZ6: =IF(DZ7="",NA(),DZ7) -> #N/A | ... EB6: =IF(EB7="",NA(),EB7) -> #N/A | EC6: =IF(EC7="","",IF(EC7="-","【-】","【"&SUBSTITUTE(TEXT(EC7,"#,##0.00"),"-","△")&"】")) | ED6: =IF(ED7="",NA(),ED7) -> 4.04 | EE6: =IF(EE7="",NA(),EE7) -> 4.12 | EF6: =IF(EF7="",NA(),EF7) -> 0.83 | EG6: =IF(EG7="",NA(),EG7) -> 0 | EH6: =IF(EH7="",NA(),EH7) -> 0 | EI6: =IF(EI7="",NA(),EI7) -> 0.69 | EJ6: =IF(EJ7="",NA(),EJ7) -> 0.65 | EK6: =IF(EK7="",NA(),EK7) -> 0.53 | ... EM6: =IF(EM7="",NA(),EM7) -> 0.53 | EN6: =IF(EN7="","",IF(EN7="-","【-】","【"&SUBSTITUTE(TEXT(EN7,"#,##0.00"),"-","△")&"】")) -> 【0.54】
B7: 2018 | C7: 63665 | D7: 47 | E7: 1 | F7: 0 | G7: 0 | H7: 山形県 鮭川村 | I7: 法非適用 | J7: 水道事業 | K7: 簡易水道事業 | L7: D3 | M7: 非設置 | N7: - | O7: 該当数値なし | P7: 96.71 | Q7: 4200 | R7: 4238 | S7: 122.14 | T7: 34.7 | U7: 4059 | V7: 36.8 | W7: 110.3 | X7: 67.02 | Y7: 71.52 | Z7: 90.4 | AA7: 88.87 | AB7: 78.82 | AC7: 75.87 | AD7: 76.27 | AE7: 77.56 | AF7: 78.51 | AG7: 77.91 | AH7: 75.6 | BE7: 814.57 | BF7: 896.63 | BG7: 1118.05 | BH7: 1111.59 | BI7: 1033.78 | BJ7: 1125.69 | BK7: 1134.67 | BL7: 1144.79 | BM7: 1061.58 | BN7: 1007.7 | BO7: 1074.14 | BP7: 58.4 | BQ7: 64.48 | BR7: 83.68 | BS7: 81.74 | BT7: 72.97 | BU7: 46.48 | BV7: 40.6 | BW7: 56.04 | BX7: 58.52 | BY7: 59.22 | BZ7: 54.36 | CA7: 388.44 | CB7: 347.15 | CC7: 270.02 | CD7: 273.4 | CE7: 298.46 | CF7: 376.61 | CG7: 440.03 | CH7: 304.35 | CI7: 296.3 | CJ7: 292.9 | CK7: 296.4 | CL7: 51.16 | CM7: 79.91 | CN7: 81.51 | CO7: 94.1 | CP7: 75.77 | CQ7: 57.43 | CR7: 57.29 | CS7: 55.9 | CT7: 57.3 | CU7: 56.76 | CV7: 55.95 | CW7: 80.47 | CX7: 80.36 | CY7: 76.89 | CZ7: 64.89 | DA7: 84.33 | DB7: 73.83 | DC7: 73.69 | DD7: 73.28 | DE7: 72.42 | DF7: 73.07 | DG7: 73.77 | ED7: 4.04 | EE7: 4.12 | EF7: 0.83 | EG7: 0 | EH7: 0 | EI7: 0.69 | EJ7: 0.65 | EK7: 0.53 | EL7: 0.72 | EM7: 0.53 | EN7: 0.54
B9: Ｎ－４年度 | C9: Ｎ－３年度 | D9: Ｎ－２年度 | E9: Ｎ－１年度 | F9: Ｎ年度
A10: 年度 | B10: =DATEVALUE($B$6-4&"年1月1日") -> 41640 | C10: =DATEVALUE($B$6-3&"年1月1日") -> 42005 | D10: =DATEVALUE($B$6-2&"年1月1日") -> 42370 | E10: =DATEVALUE($B$6-1&"年1月1日") -> 42736 | F10: =DATEVALUE($B$6&"年1月1日") -> 43101
